Map: King Sejong Station LE

Players

LiquidTLO (TLO) - Winner!

  • Race: Zerg Zerg
  • League: Grandmaster

ThisGameSuck

  • Race: Protoss Protoss
  • League: Grandmaster

VOD

Have the link to the VOD?

Description

Time

  • Played on: July 4, 2016, 12:59 p.m.
  • Length: 11:32
Show
View Real Time Build Order
Export as new Build Order

LiquidTLO Zerg - Winner!

Build Orders: Hatch First, Lurkers 

Get SALT Encoding   

  12  0:01  Drone  
  13  0:12  Overlord  
  13  0:17  Drone  
  14  0:30  Drone  
  14  0:31  Drone  
  16  0:48  Hatchery  
  15  0:51  Drone  
  15  0:55  Drone  
  17  0:59  Extractor  
  17  1:01  Drone  
  17  1:15  Spawning Pool  
  17  1:18  Drone  
  17  1:21  Drone  
  18  1:28  Drone  
  19  1:38  Overlord  
  19  2:03  Metabolic Boost, Queen x2  
  19  2:06  Drone  
  24  2:14  Drone  
  24  2:15  Drone  
  26  2:18  Zergling x4  
  28  2:25  Evolution Chamber  
  28  2:27  Zergling x4  
  29  2:35  Zergling x4  
  31  2:44  Zergling x4  
  31  2:51  Zerg Melee Weapons Level 1  
  32  3:04  Drone x2  
  34  3:07  Drone  
  35  3:13  Overlord  
  35  3:29  Overlord  
  35  3:30  Overlord  
  35  3:32  Drone  
  36  3:37  Drone x3  
  36  3:38  Drone  
  36  3:40  Drone  
  40  3:43  Overlord, Drone x2  
  40  3:44  Drone  
  40  3:45  Drone  
  40  3:46  Overlord  
  43  3:51  Overlord  
  43  3:56  Overlord, Drone  
  43  4:05  Drone  
  43  4:08  Zergling x2  
  44  4:16  Hatchery  
  41  4:17  Drone  
  41  4:21  Queen  
  41  4:23  Zergling x4  
  45  4:24  Zergling x2  
  45  4:26  Zergling x2  
  45  4:27  Zergling x2  
  45  4:29  Zergling x2  
  49  4:34  Queen  
  49  4:38  Zergling x2  
  52  4:41  Drone, Spore Crawler  
  52  4:44  Drone  
  53  4:49  Zerg Ground Armor Level 1  
  53  4:52  Drone  
  54  4:55  Drone  
  54  4:56  Drone  
  56  5:01  Drone  
  56  5:04  Drone  
  56  5:06  Drone  
  59  5:08  Overlord, Drone  
  59  5:10  Drone  
  59  5:12  Extractor, Lair  
  59  5:13  Zergling x2  
  61  5:16  Drone  
  61  5:18  Drone, Spore Crawler  
  62  5:25  Drone  
  62  5:26  Drone  
  63  5:29  Drone  
  63  5:31  Baneling Nest  
  63  5:32  Drone x3  
  63  5:34  Drone  
  67  5:36  Drone x2  
  67  5:39  Extractor  
  67  5:41  Zergling x2  
  69  5:46  Zergling x2  
  70  5:50  Zergling x4  
  70  5:51  Queen  
  74  5:58  Extractor, Zergling x4  
  74  6:00  Zergling x2  
  74  6:01  Zergling x2  
  74  6:02  Zergling x2  
  76  6:04  Zergling x2  
  76  6:05  Zergling x2  
  76  6:07  Zergling x2  
  76  6:08  Zergling x2  
  76  6:09  Drone  
  76  6:10  Spore Crawler  
  80  6:11  Zergling x2  
  80  6:13  Hydralisk Den  
  80  6:15  Baneling x7  
  80  6:16  Drone  
  81  6:20  Drone  
  82  6:31  Queen  
  82  6:36  Overlord  
  82  6:37  Overlord  
  82  6:39  Overlord  
  82  6:40  Spore Crawler  
  82  6:42  Drone  
  82  6:44  Spore Crawler  
  81  6:48  Queen  
  81  6:50  Drone  
  79  6:57  Drone x3  
  79  6:58  Drone x2  
  82  7:01  Muscular Augments  
  82  7:02  Hydralisk x2  
  82  7:05  Hydralisk  
  88  7:11  Overlord x2  
  88  7:14  Zerg Melee Weapons Level 2  
  87  7:17  Overlord  
  87  7:19  Overlord  
  87  7:22  Overlord  
  87  7:27  Overlord  
  87  7:30  Overlord, Hydralisk  
  87  7:32  Hydralisk  
  91  7:38  Hydralisk x2  
  91  7:40  Hydralisk  
  91  7:42  Hydralisk  
  98  7:44  Hydralisk  
  98  7:48  Drone x2  
  98  7:50  Drone  
  102  7:51  Drone  
  102  7:53  Extractor x2  
  102  7:54  Drone x2  
  102  7:56  Hydralisk  
  105  8:01  Hydralisk x2  
  105  8:04  Hydralisk  
  109  8:11  Hydralisk x2  
  109  8:14  Hydralisk  
  109  8:16  Hydralisk  
  109  8:19  Drone  
  114  8:20  Drone  
  114  8:21  Zergling x2, Drone  
  114  8:22  Zergling x2  
  114  8:25  Zergling x2  
  119  8:29  Zergling x2  
  119  8:30  Zergling x2  
  119  8:32  Overseer  
  119  8:34  Zergling x2  
  122  8:36  Zergling x2  
  122  8:37  Zergling x2  
  122  8:39  Spine Crawler  
  123  8:48  Baneling x3  
  123  8:49  Zergling x2, Baneling  
  123  8:50  Lurker Den  
  123  8:53  Zergling x4  
  123  8:54  Zergling x2  
  123  8:55  Zergling x4  
  128  8:56  Baneling x3  
  128  8:57  Overlord, Baneling x2  
  128  9:02  Baneling  
  128  9:03  Hydralisk, Baneling x2  
  128  9:08  Zergling x2  
  128  9:09  Zergling x2  
  129  9:10  Zergling x6  
  129  9:11  Zergling x2  
  129  9:12  Zergling x2  
  129  9:15  Hydralisk  
  133  9:17  Zergling x2  
  133  9:18  Zergling x2  
  133  9:19  Drone  
  133  9:20  Hydralisk  
  133  9:22  Zergling x2  
  139  9:25  Hydralisk x2  
  139  9:28  Zergling x2  
  142  9:31  Pneumatized Carapace  
  142  9:35  Zerg Missile Weapons Level 1  
  142  9:47  Zergling x2  
  142  9:48  Zergling x2  
  142  9:55  Zergling x2  
  142  9:56  Hatchery  
  142  10:04  Overlord x3  
  141  10:17  Lurker x5  
  141  10:19  Overlord  
  141  10:20  Overlord x2  
  146  10:28  Hydralisk x2  
  146  10:31  Hydralisk x2  
  146  10:33  Lurker x3  
  146  10:34  Hydralisk x2  
  161  10:35  Hydralisk  
  161  10:38  Hydralisk  
  161  10:42  Hydralisk  
  165  10:43  Hydralisk  
  165  10:46  Hydralisk  
  168  10:50  Hydralisk  
  168  10:52  Hydralisk  
  168  10:54  Zergling x2  
  168  10:55  Zergling x2  
  171  10:59  Hydralisk  
  171  11:03  Zergling x2  
  171  11:04  Drone  
  168  11:05  Zergling x2  
  168  11:06  Zergling x2  
  168  11:08  Hydralisk  
  152  11:12  Zergling x4  
  152  11:13  Zergling x4  
Show
View Real Time Build Order
Export as new Build Order

ThisGameSuck Protoss 

Build Orders: 1 Gate Expand, Phoenix Opening 

Get SALT Encoding   

  12  0:01  Probe (Chrono Boost)  
  13  0:11  Probe (Chrono Boost)  
  14  0:19  Pylon  
  14  0:22  Probe (Chrono Boost)  
  15  0:38  Gateway, Probe (Chrono Boost)  
  16  0:48  Probe (Chrono Boost)  
  17  0:50  Assimilator  
  17  0:59  Probe (Chrono Boost)  
  18  1:09  Probe (Chrono Boost)  
  19  1:20  Probe (Chrono Boost)  
  19  1:24  Nexus  
  20  1:34  Cybernetics Core  
  20  1:36  Probe (Chrono Boost)  
  21  1:44  Assimilator  
  22  1:47  Probe (Chrono Boost)  
  22  1:52  Pylon  
  22  1:57  Probe (Chrono Boost)  
  23  2:07  Warp Gate (Chrono Boost)  
  23  2:10  Probe (Chrono Boost)  
  23  2:11  Adept (Chrono Boost)  
  26  2:22  Probe (Chrono Boost)  
  27  2:31  Stargate  
  27  2:34  Probe (Chrono Boost)  
  27  2:36  Adept  
  30  2:40  Probe (Chrono Boost)  
  31  2:44  Probe (Chrono Boost)  
  31  2:50  Probe (Chrono Boost)  
  33  2:55  Probe (Chrono Boost)  
  34  3:01  Mothership Core (Chrono Boost)  
  36  3:12  Gateway  
  36  3:14  Probe  
  36  3:17  Phoenix (Chrono Boost)  
  36  3:19  Pylon  
  39  3:20  Probe  
  39  3:26  Probe  
  41  3:28  Gateway  
  41  3:32  Probe  
  41  3:34  Pylon  
  41  3:38  Probe  
  41  3:41  Phoenix (Chrono Boost)  
  44  3:49  Probe  
  44  3:55  Probe  
  44  4:01  Probe  
  44  4:07  Phoenix (Chrono Boost)  
  44  4:08  Probe  
  47  4:16  Probe  
  44  4:22  Probe  
  44  4:28  Probe  
  45  4:34  Probe  
  46  4:40  Probe  
  46  4:43  Pylon  
  46  4:44  Phoenix (Chrono Boost)  
  49  4:46  Pylon, Probe  
  49  4:51  Assimilator  
  50  4:53  Probe (Chrono Boost)  
  50  4:54  Assimilator  
  50  4:58  Pylon  
  51  5:01  Probe (Chrono Boost)  
  51  5:04  Probe (Chrono Boost)  
  51  5:06  Phoenix  
  55  5:11  Adept x3  
  55  5:12  Probe (Chrono Boost)  
  62  5:23  Probe (Chrono Boost)  
  63  5:31  Phoenix  
  63  5:34  Probe x2 (Chrono Boost)  
  67  5:40  Nexus  
  67  5:45  Pylon, Probe (Chrono Boost)  
  67  5:49  Probe (Chrono Boost)  
  69  5:52  Pylon  
  69  6:04  Probe x2 (Chrono Boost)  
  69  6:10  Forge  
  71  6:12  Robotics Facility  
  71  6:13  Robotics Facility  
  71  6:15  Probe (Chrono Boost)  
  71  6:16  Probe (Chrono Boost)  
  73  6:35  Probe x2 (Chrono Boost)  
  73  6:41  Pylon  
  73  6:46  Adept x3, Probe x2 (Chrono Boost)  
  73  6:57  Pylon  
  73  6:59  Probe (Chrono Boost)  
  73  7:01  Protoss Ground Weapons Level 1  
  73  7:03  Immortal (Chrono Boost)  
  77  7:08  Probe  
  78  7:16  Immortal (Chrono Boost), Pylon  
  78  7:19  Sentry x2, Pylon  
  86  7:23  Pylon  
  86  7:33  Twilight Council  
  86  7:35  Pylon  
  86  7:36  Pylon  
  86  7:50  Gateway, Pylon  
  86  7:52  Gateway  
  86  7:54  Probe  
  86  7:57  Adept x3  
  93  8:01  Probe  
  93  8:06  Probe  
  94  8:14  Nexus  
  90  8:20  Gateway  
  90  8:21  Gateway  
  90  8:23  Probe  
  90  8:26  Adept  
  93  8:31  Immortal x2 (Chrono Boost)  
  93  8:32  Probe  
  102  8:39  Probe  
  102  8:40  Pylon  
  103  8:43  Templar Archives, Charge  
  103  8:49  Probe  
  103  8:51  Probe  
  105  8:57  Zealot x2  
  105  8:58  Sentry  
  105  9:01  Probe  
  112  9:03  Probe  
  112  9:04  Pylon  
  115  9:17  Immortal (Chrono Boost)  
  115  9:19  Adept x2  
  119  9:27  Probe  
  119  9:29  Sentry x2  
  119  9:30  Sentry  
  126  9:31  Probe  
  126  9:33  Probe  
  128  9:40  Probe  
  128  9:42  Gateway  
  128  9:44  Gateway  
  129  9:48  Probe  
  129  9:49  Pylon  
  127  9:54  High Templar x2  
  127  9:55  High Templar x2  
  127  9:58  Pylon, Probe  
  127  9:59  Pylon, Probe  
  137  10:01  Archon, Assimilator  
  137  10:02  Archon  
  137  10:05  Assimilator  
  141  10:27  Immortal (Chrono Boost), Observer (Chrono Boost)  
  141  10:28  High Templar  
  144  10:30  High Templar  
  144  10:31  Zealot x3  
  144  10:34  Archon  
  136  10:43  Probe  
  136  10:44  Probe x2  
  139  10:53  Probe  
  139  10:54  Zealot  
  139  10:55  Zealot x2  
  139  10:56  Probe x2, Zealot x2  
  152  11:04  Probe  
  143  11:08  Probe x2  
  143  11:10  Observer (Chrono Boost)  
  117  11:15  Probe, Zealot x4  
  117  11:16  Zealot  
Tags
 
Add a new tag
Caveats
  • Supply blocks, unpowered buildings, or Contaminate may cause inaccurate times.
  • Supply counts are checked every 10 seconds.